 Dungeon Crawl Stone Soup version 0.19.3-4-gbf9329e (webtiles) character file.

126 Alarkh the Slasher (level 4, 0/36 HPs)
             Began as a Demonspawn Monk on Jan 28, 2017.
             Slain by a goblin
             ... wielding a +0 club
              (4 damage)
             ... on level 3 of the Dungeon.
             The game lasted 00:01:19 (1482 turns).

Alarkh the Slasher (Demonspawn Monk)                Turns: 1482, Time: 00:01:20

Health: 0/36       AC:  4    Str: 11    XL:     4   Next: 83%
Magic:  4/4        EV: 13    Int: 12    God:
Gold:   69         SH:  0    Dex: 16    Spells: 0 memorised, 3 levels left

rFire  . . .     SeeInvis .     a - +0 falchion
rCold  . . .     Gourm    .     b - +0 robe
rNeg   . . .     Faith    .     (no shield)
rPois  .         Spirit   .     (helmet restricted)
rElec  .         Reflect  .     (no cloak)
rCorr  .         Harm     .     (no gloves)
MR     .....                    (no boots)
Stlth  ++........               (no amulet)
                                (no ring)
                                (no ring)

@: no status effects
A: horns 1, icy blue scales 1, demonic guardian 1
a: no special abilities


You were on level 3 of the Dungeon.
You were not hungry.

You visited 1 branch of the dungeon, and saw 3 of its levels.

You collected 69 gold pieces.

Inventory:

Hand Weapons
 a - a +0 falchion (weapon)
Armour
 b - a +0 robe (worn)
Scrolls
 e - 2 scrolls of identify {unknown}
 g - a scroll of magic mapping {unknown}
 i - a scroll of blinking {unknown}
 j - 3 scrolls of remove curse {unknown}
 k - a scroll of amnesia {unknown}
 l - a scroll of teleportation {unknown}
Potions
 f - 3 potions of brilliance {unknown}
Comestibles
 c - 3 bread rations
 d - 2 chunks of flesh
 h - 3 meat rations


   Skills:
 + Level 3.6 Fighting
 + Level 4.0 Long Blades
 + Level 3.1 Dodging
 + Level 2.4 Stealth


You had 3 spell levels left.
You didn't know any spells.

Dungeon Overview and Level Annotations

Branches:
Dungeon (3/15)

Altars:
Qazlal


Innate Abilities, Weirdness & Mutations

You have a pair of small horns on your head.
You are partially covered in icy blue scales. (AC +2)
A weak demonic guardian rushes to your aid.


Message History

There are monsters nearby!
You completely miss the orc.
The orc is moderately wounded.
The orc hits you but does no damage.
You hit the orc.
The orc is almost dead.
The goblin closely misses you. The orc hits you with a flail!
* * * LOW HITPOINT WARNING * * *
You completely miss the orc.
The orc is almost dead.
The goblin closely misses you.
Some of the chunks of flesh in your inventory have rotted away.
You hit the orc.
You kill the orc!
The goblin hits you with a club.
* * * LOW HITPOINT WARNING * * *
You hit the goblin. Your headbutt misses the goblin.
The goblin is heavily wounded.
The goblin hits you with a club.
You die...

## .## ###.. .
...###.##
$...###........
......)@g>.....
...............
##...##.##.##..
#... ... .# ..#
### # #


You could see a goblin.

Vanquished Creatures
  Terence (D:2)
  Natasha (D:2)
  2 adders
  An ooze (D:2)
  3 dart slugs (D:1)
  A leopard gecko (D:1)
  An orc (D:3)
  2 ball pythons
  3 giant cockroaches
  6 goblins
  6 hobgoblins
  6 jackals
  2 kobolds
  4 bats
  A frilled lizard (D:2)
  7 rats
47 creatures vanquished.

Notes
Turn   | Place    | Note
-------+----------+-------------------------------------------
     0 | D:1      | Alarkh the Demonspawn Monk began the quest for the Orb.
     0 | D:1      | Reached XP level 1. HP: 18/18 MP: 1/1
   206 | D:1      | Gained mutation: You are partially covered in icy blue scales. (AC +2) [demonic ancestry]
   206 | D:1      | Reached XP level 2. HP: 24/24 MP: 2/2
   252 | D:1      | Reached skill level 3 in Long Blades
   590 | D:1      | Gained mutation: You have a pair of small horns on your head. [demonic ancestry]
   590 | D:1      | Reached XP level 3. HP: 29/29 MP: 3/3
   668 | D:2      | Noticed Natasha
   675 | D:2      | Killed Natasha
   828 | D:2      | Gained mutation: A weak demonic guardian rushes to your aid. [demonic ancestry]
   828 | D:2      | Reached XP level 4. HP: 34/35 MP: 4/4
   878 | D:2      | Noticed Terence
   917 | D:2      | Killed Terence
  1431 | D:2      | Found a stormy altar of Qazlal.
  1470 | D:3      | Reached skill level 4 in Long Blades
  1482 | D:3      | Slain by a goblin

Skill      XL: |  1  2  3  4 |
---------------+-------------+-----
Stealth        | 2 |  2.4
Long Blades    | 3 4 |  4.0
Dodging        | 3 |  3.1
Fighting       | |  3.6

Action                   |  1- 3 |  4- 6 || total
-------------------------+-------+-------++-------
Melee: Falchion          |    78 |    56 ||   134
       Headbutt          |     8 |    12 ||    20
 Stab: Sleeping          |     3 |     2 ||     5
  Eat: Chunk             |       |     2 ||     2
Armor: Robe              |    30 |     6 ||    36
Dodge: Dodged            |    76 |    32 ||   108
       Rpst.: Falchion   |    24 |     5 ||    29
